[Event "Titled Tuesday Blitz July 25 Early 2023"]
[White "Svane, Frederik"]
[Black "Remolar Gallen, Jose"]
[WhiteFideId "12923044"]
[BlackFideId "2215187"]
[WhiteElo "2942"]
[BlackElo "2483"]
[Result "1-0"]
[Round "1"]
[TimeControl "180+2"]
[Date "2023.07.25"]
[WhiteClock "0:01:16"]
[BlackClock "0:00:12"]
[Board "28"]

1. c4 Nf6 2. Nc3 g6 3. g3 Bg7 4. Bg2 O-O 5. d3 d6 6. Rb1 Nc6 7. Nf3 e5 8. O-O h6 9. b4 Be6 10. b5 Ne7 11. e4 Qd7 12. Re1 a6 13. a4 axb5 14. axb5 Bh3 15. Bh1 g5 16. d4 exd4 17. Nxd4 Rfe8 18. Bb2 Ng6 19. Nd5 Ne5 20. Qb3 Nxd5 21. cxd5 f5 22. Ne6 fxe4 23. Bxe4 Rf8 24. Re3 Rf7 25. Rbe1 Bg4 26. f4 gxf4 27. gxf4 Ng6 28. Bxg6 1-0


[Site "https://www.chess.com"]

[Event "Titled Tuesday Blitz July 25 Early 2023"]
[White "Heinemann, Josefine"]
[Black "Sjugirov, Sanan"]
[WhiteFideId "12900460"]
[BlackFideId "4189302"]
[WhiteElo "2481"]
[BlackElo "2939"]
[Result "0-1"]
[Round "1"]
[TimeControl "180+2"]
[Date "2023.07.25"]
[WhiteClock "0:01:02"]
[BlackClock "0:01:04"]
[Board "29"]

1. e4 c5 2. c3 Nf6 3. e5 Nd5 4. Nf3 d6 5. Bb5+ Nc6 6. O-O e6 7. c4 Nb6 8. exd6 Bxd6 9. Bxc6+ bxc6 10. b3 e5 11. Bb2 f6 12. Re1 O-O 13. d3 Bg4 14. Nbd2 Re8 15. h3 Bh5 16. Qe2 Nd7 17. Qe4 Qc7 18. Qh4 Bg6 19. Ne4 Nf8 20. Ba3 Ne6 21. Rad1 Be7 22. Qg3 Qa5 23. Bc1 Qxa2 24. Nfd2 Rad8 25. h4 Nf4 26. Nf1 Ne2+ 27. Rxe2 Qxe2 28. Rd2 Qh5 29. Ra2 Bxe4 30. dxe4 Rd1 31. Be3 Rxf1+ 32. Kxf1 Qd1# 0-1


[Site "https://www.chess.com"]

[Event "Titled Tuesday Blitz July 25 Early 2023"]
[White "ChessBrah"]
[Black "Fontaine, Quentin"]
[BlackFideId "230804"]
[WhiteElo "2933"]
[BlackElo "2480"]
[Result "1-0"]
[Round "1"]
[TimeControl "180+2"]
[Date "2023.07.25"]
[WhiteClock "0:01:02"]
[BlackClock "0:00:16"]
[Board "30"]

1. e4 e5 2. Nf3 Nc6 3. Bb5 a6 4. Ba4 Nf6 5. d3 d6 6. c4 Bg4 7. h3 Bxf3 8. Bxc6+ bxc6 9. Qxf3 Nd7 10. Be3 Rb8 11. b3 g6 12. Nc3 Bg7 13. h4 h5 14. O-O-O Nf6 15. Kc2 Ng4 16. Bg5 Bf6 17. Bxf6 Qxf6 18. Qxf6 Nxf6 19. d4 Ng4 20. Rhf1 Nh2 21. Rfe1 Ng4 22. Re2 exd4 23. Rxd4 O-O 24. f3 Ne5 25. Na4 c5 26. Rdd2 Nc6 27. Kc1 Nd4 28. Re1 f5 29. exf5 gxf5 30. Nc3 c6 31. Ne2 Rbe8 32. Kd1 Nxe2 33. Rexe2 Rxe2 34. Kxe2 Rd8 35. Ke3 Kf7 36. Kf4 Kf6 37. Re2 Rg8 38. g3 a5 39. Re3 Rd8 40. Re2 Rb8 41. Rd2 Rd8 42. Re2 Rb8 43. g4 fxg4 44. fxg4 hxg4 45. h5 a4 46. Re3 axb3 47. axb3 d5 48. Kxg4 Rb4 49. Rf3+ Kg7 50. Kg5 dxc4 51. h6+ Kg8 52. Kg6 cxb3 53. h7+ Kh8 54. Rf8# 1-0


[Site "https://www.chess.com"]

[Event "Titled Tuesday Blitz July 25 Early 2023"]
[White "Papayan, Oleg"]
[Black "Megaranto, Susanto"]
[WhiteFideId "4193911"]
[BlackFideId "7101384"]
[WhiteElo "2479"]
[BlackElo "2931"]
[Result "0-1"]
[Round "1"]
[TimeControl "180+2"]
[Date "2023.07.25"]
[WhiteClock "0:00:04"]
[BlackClock "0:01:31"]
[Board "31"]

1. e4 c6 2. Nf3 d5 3. Nc3 a6 4. d4 Bg4 5. h3 Bh5 6. g4 Bg6 7. e5 e6 8. h4 h5 9. g5 c5 10. Be3 Ne7 11. Ne2 Be4 12. Ng3 cxd4 13. Bxd4 Nbc6 14. c3 Bxf3 15. Qxf3 Nxd4 16. cxd4 Nc6 17. O-O-O g6 18. Qb3 b5 19. Kb1 Qb6 20. Qe3 Rc8 21. Be2 Be7 22. f4 Qa7 23. Rd2 Bd8 24. Rc1 Bb6 25. Bd1 Kd7 26. Ne2 Ne7 27. Bb3 Rxc1+ 28. Kxc1 Rc8+ 29. Kd1 Nf5 30. Qf2 Qc7 31. Rc2 Qa7 32. Rxc8 Kxc8 33. Bc2 Bxd4 34. Nxd4 Qxd4+ 35. Qxd4 Nxd4 36. Bd3 Kc7 37. a4 Kb6 38. axb5 axb5 39. Kd2 Nf3+ 40. Kc3 Nxh4 41. Kb4 Ng2 42. Bxb5 h4 0-1


[Site "https://www.chess.com"]

[Event "Titled Tuesday Blitz July 25 Early 2023"]
[White "Aravindh, Chithambaram VR."]
[Black "Taboas Rodriguez, Daniel"]
[WhiteFideId "5072786"]
[BlackFideId "2208466"]
[WhiteElo "2923"]
[BlackElo "2479"]
[Result "1-0"]
[Round "1"]
[TimeControl "180+2"]
[Date "2023.07.25"]
[WhiteClock "0:00:10"]
[BlackClock "0:00:19"]
[Board "32"]

1. b3 d5 2. Bb2 Bg4 3. Nf3 Nc6 4. d4 Nf6 5. e3 e6 6. Nbd2 Bd6 7. Be2 O-O 8. O-O a5 9. c4 a4 10. bxa4 Bb4 11. Nb3 Rxa4 12. cxd5 Nxd5 13. Qc2 Ra7 14. Rfc1 Bf5 15. Bd3 Bg6 16. Bxg6 hxg6 17. e4 Nf6 18. Rd1 Ba3 19. Bxa3 Rxa3 20. Nc5 Qa8 21. Ng5 Rd8 22. e5 Nd5 23. Ncxe6 Re8 24. Nc5 Ncb4 25. Qe4 Rxa2 26. Rxa2 Qxa2 27. e6 f5 28. Qh4 Nf6 29. Nd7 Qe2 30. Nxf6+ gxf6 31. Qh7+ 1-0


[Site "https://www.chess.com"]

[Event "Titled Tuesday Blitz July 25 Early 2023"]
[White "szachmistrz2500"]
[Black "Hovhannisyan, Robert"]
[BlackFideId "13302507"]
[WhiteElo "2477"]
[BlackElo "2922"]
[Result "0-1"]
[Round "1"]
[TimeControl "180+2"]
[Date "2023.07.25"]
[WhiteClock "0:00:06"]
[BlackClock "0:00:21"]
[Board "33"]

1. Nf3 d5 2. g3 Bg4 3. Bg2 e6 4. d3 Nf6 5. h3 Bh5 6. Nbd2 Be7 7. e4 O-O 8. O-O dxe4 9. dxe4 Nfd7 10. Qe2 Nc6 11. c3 Nc5 12. Nc4 Qd3 13. Re1 Rfd8 14. Bf4 Rac8 15. g4 Bg6 16. Nfe5 Nxe5 17. Nxe5 Qxe2 18. Rxe2 Nd3 19. Nxd3 Rxd3 20. Be3 a6 21. Rd2 Rxd2 22. Bxd2 e5 23. Be3 Rd8 24. f3 h6 25. Kf2 Bg5 26. Bf1 Bxe3+ 27. Kxe3 Kf8 28. Be2 Ke7 29. h4 f6 30. Rd1 Rh8 31. h5 Bf7 32. a3 a5 33. Rd2 c6 34. Bd1 Ra8 35. Kd3 g6 36. hxg6 Bxg6 37. Rh2 Rd8+ 38. Ke2 Rh8 39. Bb3 h5 40. gxh5 Rxh5 41. Rxh5 Bxh5 42. Ke3 Kd6 43. Bc4 Kc5 44. Be2 a4 45. Bd1 b5 46. Be2 Bf7 47. Kd2 Bc4 48. Bd3 Bb3 49. Ke3 Be6 50. Kd2 Kd6 51. Ke3 Ke7 52. f4 Kd6 53. Bc2 Kc5 54. Bd3 Bc4 55. fxe5 Bxd3 56. Kxd3 fxe5 57. Kd2 Kc4 58. Kc2 c5 59. Kd2 Kb3 60. Kc1 b4 61. cxb4 cxb4 62. axb4 Kxb4 63. Kc2 Kc4 64. Kd2 Kd4 0-1


[Site "https://www.chess.com"]

[Event "Titled Tuesday Blitz July 25 Early 2023"]
[White "Madaminov, Mukhiddin"]
[Black "Gnechko, Ruslan"]
[WhiteFideId "14210703"]
[BlackFideId "14135868"]
[WhiteElo "2921"]
[BlackElo "2476"]
[Result "1-0"]
[Round "1"]
[TimeControl "180+2"]
[Date "2023.07.25"]
[WhiteClock "0:00:23"]
[BlackClock "0:00:13"]
[Board "34"]

1. e4 e6 2. d4 d5 3. Nc3 dxe4 4. Nxe4 Nd7 5. Nf3 Ngf6 6. Nxf6+ Nxf6 7. c3 Be7 8. Bd3 O-O 9. O-O b6 10. Qe2 Bb7 11. Bf4 c5 12. dxc5 Bxc5 13. Rad1 Qc8 14. Be5 Be7 15. Bd4 Rd8 16. h3 Qc7 17. Rfe1 Rac8 18. Ne5 Bc5 19. Bxc5 Qxc5 20. Bc2 Qc7 21. Bb3 Rxd1 22. Rxd1 Bd5 23. c4 Ba8 24. Qd2 h6 25. Qd4 Qb7 26. f3 Qc7 27. Bc2 Qc5 28. Qxc5 bxc5 29. Nd7 Bc6 30. Nxc5 g5 31. b4 a5 32. a3 axb4 33. axb4 Kg7 34. Kf2 Nh5 35. g3 Nf6 36. Ke3 h5 37. h4 g4 38. f4 Kf8 39. Ra1 Bf3 40. f5 exf5 41. Bxf5 Re8+ 42. Kf4 Be2 43. Rc1 Rd8 44. b5 Rd4+ 45. Ke5 Rxc4 46. Rxc4 Bxc4 47. Kxf6 Bxb5 48. Nd7+ Kg8 49. Ne5 Bc4 50. Nxc4 1-0


[Site "https://www.chess.com"]

[Event "Titled Tuesday Blitz July 25 Early 2023"]
[White "Spichkin, Alexander"]
[Black "Tari, Aryan"]
[WhiteFideId "4144074"]
[BlackFideId "1510045"]
[WhiteElo "2474"]
[BlackElo "2909"]
[Result "0-1"]
[Round "1"]
[TimeControl "180+2"]
[Date "2023.07.25"]
[WhiteClock "0:00:41"]
[BlackClock "0:00:17"]
[Board "35"]

1. f4 b6 2. Nf3 Bb7 3. d3 g6 4. e4 Bg7 5. Be2 c5 6. O-O d6 7. Nc3 e6 8. Qe1 Nc6 9. Qg3 Nge7 10. Be3 Nd4 11. Bd1 Qd7 12. Qh4 h6 13. Rb1 Rc8 14. Ne2 Nxf3+ 15. Rxf3 f5 16. Ng3 O-O 17. c3 c4 18. Rf1 cxd3 19. Bb3 fxe4 20. f5 Nxf5 21. Nxf5 Rxf5 22. Rxf5 gxf5 23. Bxh6 d5 24. Qg3 Qf7 25. Rf1 Qf6 26. Bg5 Qg6 27. h4 Kh7 28. Bd1 e5 29. h5 Qe6 30. h6 Bh8 31. Bh5 Rg8 32. Qh4 d4 33. Kh1 e3 34. Kh2 e2 35. Re1 d2 36. Bxd2 Rxg2+ 37. Kh3 d3 38. Be3 Bf6 39. Bg6+ Rxg6 40. Qh5 f4+ 41. Kh2 Rg2+ 42. Kh1 Rg5+ 43. Kh2 Rxh5+ 44. Kg1 Qg4+ 45. Kf2 Bh4# 0-1


[Site "https://www.chess.com"]

[Event "Titled Tuesday Blitz July 25 Early 2023"]
[White "Zhigalko, Sergei"]
[Black "Navalgund, Niranjan"]
[WhiteFideId "13502956"]
[BlackFideId "5030854"]
[WhiteElo "2901"]
[BlackElo "2473"]
[Result "1-0"]
[Round "1"]
[TimeControl "180+2"]
[Date "2023.07.25"]
[WhiteClock "0:01:04"]
[BlackClock "0:02:22"]
[Board "36"]

1. e4 e5 2. Nf3 Nc6 3. Bc4 Nf6 4. d3 Bc5 5. O-O d6 6. Nbd2 a6 7. c3 Ba7 8. Bb3 h6 9. Re1 Ng4 10. Re2 Qf6 11. h3 h5 12. Nf1 Qg6 13. Nh4 Qf6 14. Nf3 Qg6 15. d4 Nh6 16. Ng3 f5 17. Bxh6 gxh6 18. Nh4 Qg5 19. Nf3 Qg6 20. exf5 Bxf5 21. Nh4 Qg5 22. Ngxf5 O-O-O 23. Qd2 Qf6 24. Rae1 Kb8 25. Bd5 Ne7 26. Nxe7 Qxh4 27. Ng6 Qf6 28. Nxh8 Rxh8 29. dxe5 dxe5 30. Rxe5 Bb6 31. Re8+ Rxe8 32. Rxe8+ Ka7 33. Qe2 Qd6 34. Ra8+ Kxa8 35. Qxa6+ Ba7 36. Qxb7# 1-0


[Site "https://www.chess.com"]

[Event "Titled Tuesday Blitz July 25 Early 2023"]
[White "Akylbek2021"]
[Black "Molina, Roberto Junio Brito"]
[BlackFideId "2109450"]
[WhiteElo "2472"]
[BlackElo "2898"]
[Result "0-1"]
[Round "1"]
[TimeControl "180+2"]
[Date "2023.07.25"]
[WhiteClock "0:00:06"]
[BlackClock "0:00:08"]
[Board "37"]

1. e4 c6 2. Nf3 d5 3. d3 g6 4. Nbd2 Bg7 5. g3 e5 6. Bg2 Ne7 7. O-O O-O 8. c3 c5 9. Qc2 Nbc6 10. a4 b6 11. exd5 Nxd5 12. Nc4 Re8 13. Re1 h6 14. Bd2 Bf5 15. Nh4 Be6 16. Rad1 Qd7 17. b3 Rad8 18. Bc1 Qc7 19. h3 a6 20. Kh2 b5 21. axb5 axb5 22. Ne3 Nxe3 23. Bxe3 Qd6 24. Rd2 Rc8 25. Bf3 b4 26. c4 Nd4 27. Bxd4 Qxd4 28. Be4 Qd7 29. Bg2 Red8 30. Nf3 Qd6 31. Ra1 e4 32. dxe4 Qxd2 33. Nxd2 Bxa1 34. f4 Bc3 35. Nf3 Rc7 36. f5 Bc8 37. fxg6 fxg6 38. e5 Bf5 39. Qa2 Be4 40. Qa5 Rdd7 41. e6 Re7 42. Qb6 Kg7 43. Nh4 Bc2 44. Qd6 Bf6 45. Nf3 Bxb3 46. Ne5 Ba4 47. Bd5 Be8 48. Ng4 Bd4 49. Ne5 b3 50. Nd3 b2 51. Qb6 Ra7 52. Nxb2 Ra2 53. Qd8 Rxb2+ 54. Bg2 Bf6 55. Qd6 Ra2 56. Qxc5 Rd2 57. Qb6 Re2 58. c5 Re5 59. c6 R5xe6 60. Qb7 Rxb7 61. cxb7 Rb6 62. Bd5 Be5 63. Kg2 Bb8 64. Kf3 Rb2 65. Ke4 Kf6 66. g4 Bd7 67. h4 g5 68. h5 Bxg4 69. Bc6 Bf5+ 70. Kd5 Bg4 0-1


[Site "https://www.chess.com"]

[Event "Titled Tuesday Blitz July 25 Early 2023"]
[White "Gholami Orimi, Mahdi"]
[Black "Yeritsyan, Hayk"]
[WhiteFideId "12558486"]
[BlackFideId "13307320"]
[WhiteElo "2897"]
[BlackElo "2472"]
[Result "1-0"]
[Round "1"]
[TimeControl "180+2"]
[Date "2023.07.25"]
[WhiteClock "0:00:14"]
[BlackClock "0:00:01"]
[Board "38"]

1. c4 Nf6 2. Nc3 c5 3. Nf3 g6 4. d4 cxd4 5. Nxd4 Bg7 6. e4 O-O 7. Be2 d6 8. Be3 Nc6 9. f3 Bd7 10. Qd2 a5 11. Ndb5 a4 12. Rc1 Ne5 13. g4 Be6 14. g5 Nh5 15. Nd5 Rc8 16. f4 Ng4 17. Bb6 Qd7 18. Rg1 Nxh2 19. Bxh5 gxh5 20. Qxh2 Bxd5 21. exd5 Rxc4 22. Rxc4 Qxb5 23. Qe2 Qxb6 24. Rh1 Ra8 25. Re4 Bxb2 26. Kf1 Bc3 27. Rxe7 Qb1+ 28. Kg2 Qf5 29. Rxh5 Qxd5+ 30. Qe4 Qxa2+ 31. Kf3 Bg7 32. f5 Qb3+ 33. Kg4 Qb5 34. f6 d5 35. Qxh7+ Kf8 36. Qxg7# 1-0


[Site "https://www.chess.com"]

[Event "Titled Tuesday Blitz July 25 Early 2023"]
[White "arenal72"]
[Black "Galchenko, Matvey"]
[BlackFideId "24175480"]
[WhiteElo "2470"]
[BlackElo "2895"]
[Result "0-1"]
[Round "1"]
[TimeControl "180+2"]
[Date "2023.07.25"]
[WhiteClock "0:00:01"]
[BlackClock "0:00:07"]
[Board "39"]

1. e4 e6 2. d4 d5 3. Bd3 dxe4 4. Bxe4 Nf6 5. Bf3 c5 6. Ne2 e5 7. dxe5 Qxd1+ 8. Kxd1 Ng4 9. Bxg4 Bxg4 10. f3 Bf5 11. Bf4 Nc6 12. Nd2 O-O-O 13. Ng3 Bg6 14. c3 Be7 15. Ke2 Rhe8 16. Rhe1 h5 17. Nge4 Bf8 18. Rad1 Nxe5 19. Bxe5 Rxe5 20. Kf2 Red5 21. Ke2 Be7 22. Nc4 h4 23. Rxd5 Rxd5 24. Rd1 Rxd1 25. Kxd1 Kc7 26. Ke2 Bf5 27. h3 Be6 28. b3 b5 29. Ne3 a5 30. Kd3 f5 31. Nd2 Kd6 32. c4 b4 33. Nd1 g5 34. Nf2 Ke5 35. Ke3 Bd7 36. Nd3+ Kd6 37. f4 g4 38. Ne5 Bc8 39. hxg4 fxg4 40. Ne4+ Kc7 41. Ng6 Bd8 42. Nxc5 h3 43. gxh3 gxh3 44. Kf2 Kc6 45. Ne4 Bf5 46. Ne5+ Kc7 47. Ng3 Bb1 48. Ne2 Bh4+ 49. Kg1 Bxa2 50. Nc1 Bb1 51. Kh2 Bf5 52. Nf3 Bf2 53. Ne2 Kd6 54. Ned4 Bd7 55. f5 Bxd4 56. Nxd4 Ke5 57. Ne2 Bxf5 58. Ng1 Kd4 59. Nxh3 Bxh3 60. Kxh3 a4 61. bxa4 b3 0-1


[Site "https://www.chess.com"]

[Event "Titled Tuesday Blitz July 25 Early 2023"]
[White "Rasulov, Vugar"]
[Black "Lehtosaari, Mauri"]
[WhiteFideId "13402390"]
[BlackFideId "501999"]
[WhiteElo "2890"]
[BlackElo "2468"]
[Result "0-1"]
[Round "1"]
[TimeControl "180+2"]
[Date "2023.07.25"]
[WhiteClock "0:00:08"]
[BlackClock "0:00:26"]
[Board "40"]

1. d4 d5 2. c4 c6 3. Nc3 Nf6 4. e3 a6 5. Nf3 b5 6. cxd5 cxd5 7. Bd3 Bg4 8. O-O e6 9. h3 Bxf3 10. Qxf3 Be7 11. a4 b4 12. Na2 O-O 13. Bd2 a5 14. Nc1 Nbd7 15. Nb3 Nb6 16. Rfc1 Qd6 17. Nc5 Rfc8 18. g4 h6 19. b3 Nbd7 20. Nxd7 Qxd7 21. Kg2 Ne8 22. e4 dxe4 23. Bxe4 Rab8 24. Bf4 Bd6 25. Be5 Bxe5 26. dxe5 Nc7 27. Rd1 Qe7 28. Rd6 Ne8 29. Rd3 Rd8 30. Rad1 Rxd3 31. Rxd3 Qc5 32. Rd7 f6 33. exf6 Nxf6 34. Rd3 Rf8 35. Re3 Nd5 36. Bxd5 Rxf3 37. Bxf3 Kf7 38. h4 Kf6 39. h5 Qd4 40. Be2 e5 41. Bc4 Qxg4+ 42. Rg3 Qxh5 43. Rf3+ Kg5 0-1


[Site "https://www.chess.com"]

[Event "Titled Tuesday Blitz July 25 Early 2023"]
[White "Tifferet, Shaked"]
[Black "Iturrizaga Bonelli, Eduardo"]
[WhiteFideId "2811529"]
[BlackFideId "3901211"]
[WhiteElo "2468"]
[BlackElo "2884"]
[Result "0-1"]
[Round "1"]
[TimeControl "180+2"]
[Date "2023.07.25"]
[WhiteClock "0:00:03"]
[BlackClock "0:00:34"]
[Board "41"]

1. b3 Nf6 2. Bb2 g6 3. g3 Bg7 4. Bg2 O-O 5. Nf3 d6 6. d4 Nc6 7. O-O a5 8. Nc3 Bf5 9. Nh4 Bd7 10. e4 e5 11. dxe5 dxe5 12. Nd5 Be6 13. c4 Nd4 14. Nf3 Bg4 15. Qd3 Bxf3 16. Bxf3 c6 17. Nxf6+ Qxf6 18. Bxd4 Rfd8 19. Rad1 Rxd4 20. Qe2 c5 21. Rxd4 cxd4 22. Kg2 Qd6 23. Qd3 Bh6 24. Re1 a4 25. Rb1 axb3 26. Qxb3 d3 27. Qxb7 Rxa2 28. Qb8+ Qxb8 29. Rxb8+ Kg7 30. Rd8 Be3 31. Rxd3 Rxf2+ 32. Kh3 Rxf3 33. Kg4 Rf2 34. Rxe3 Rc2 35. h4 Rxc4 36. Kf3 h5 37. Ra3 Rc1 38. Ra5 Rc3+ 39. Kf2 Kf6 40. Ra6+ Ke7 41. Ra7+ Ke6 42. Ra6+ Kd7 43. Ra7+ Rc7 44. Ra5 Kd6 45. Ra6+ Rc6 46. Ra7 Ke6 47. Ra3 f5 48. Kf3 fxe4+ 49. Kxe4 Rc4+ 50. Ke3 Kf5 51. Kf3 Rd4 52. Ra8 Rd3+ 53. Kf2 Kg4 54. Rg8 Rf3+ 55. Ke2 Rf6 56. Re8 Kxg3 57. Rxe5 Kxh4 58. Ke3 Kg4 59. Re4+ Kg3 60. Re5 Rf5 61. Re6 g5 62. Ke4 Rf4+ 63. Ke3 h4 64. Rg6 g4 65. Ra6 Rf3+ 66. Ke2 h3 67. Ra1 Kg2 68. Re1 h2 0-1


[Site "https://www.chess.com"]

[Event "Titled Tuesday Blitz July 25 Early 2023"]
[White "Kovalenko, Igor"]
[Black "Wartiovaara, Oliver"]
[WhiteFideId "14117908"]
[BlackFideId "513024"]
[WhiteElo "2881"]
[BlackElo "2467"]
[Result "1-0"]
[Round "1"]
[TimeControl "180+2"]
[Date "2023.07.25"]
[WhiteClock "0:01:06"]
[BlackClock "0:00:23"]
[Board "42"]

1. c4 Nf6 2. Nc3 g6 3. g3 Bg7 4. Bg2 O-O 5. d4 d6 6. e3 e5 7. Nge2 Nbd7 8. O-O c6 9. b4 a6 10. a4 Re8 11. Qc2 Nb6 12. c5 exd4 13. Nxd4 Nbd5 14. Nxd5 Nxd5 15. Bd2 Qe7 16. Rfe1 Bf8 17. Rac1 h5 18. h3 h4 19. g4 dxc5 20. bxc5 Nc7 21. f4 Ne6 22. Nb3 Ng7 23. Bc3 f5 24. Be5 Qf7 25. g5 Be6 26. Nd4 Bd5 27. e4 fxe4 28. Bxe4 Bxe4 29. Qxe4 Rad8 30. Kg2 Qd5 31. Qxd5+ Rxd5 32. Bxg7 Rxe1 33. Rxe1 Kxg7 34. Ne6+ Kf7 35. Nxf8 Kxf8 36. Rb1 Kf7 37. Rxb7+ Ke6 38. Kf3 Rxc5 39. Rg7 Kf5 40. Rf7+ Ke6 41. Rf6+ Kd5 42. Rxg6 Rc4 43. Rf6 Rxa4 44. g6 Rb4 45. Kg4 Rb8 46. Kxh4 a5 47. Rf5+ Ke4 48. Kg5 Ra8 49. g7 a4 50. Rf8 1-0


[Site "https://www.chess.com"]

[Event "Titled Tuesday Blitz July 25 Early 2023"]
[White "Ladan, Nicholas"]
[Black "Becerra Rivero, Julio"]
[WhiteFideId "30918855"]
[BlackFideId "3501728"]
[WhiteElo "2467"]
[BlackElo "2876"]
[Result "0-1"]
[Round "1"]
[TimeControl "180+2"]
[Date "2023.07.25"]
[WhiteClock "0:00:01"]
[BlackClock "0:00:17"]
[Board "43"]

1. Nf3 Nf6 2. d4 g6 3. c3 Bg7 4. Bg5 d6 5. Nbd2 Nbd7 6. e4 e5 7. dxe5 dxe5 8. Bc4 O-O 9. O-O h6 10. Bh4 Qe7 11. a4 a5 12. Qc2 g5 13. Bg3 Nh5 14. Rfe1 Nf4 15. Bxf4 exf4 16. e5 Nc5 17. Ne4 Bf5 18. Nf6+ Qxf6 19. exf6 Bxc2 20. fxg7 Rfe8 21. Ne5 Kxg7 22. Nxf7 Bxa4 23. b4 Bb3 24. Ne5 axb4 25. Rxa8 Rxa8 26. cxb4 Bxc4 27. Nxc4 Nd3 28. Rd1 b5 29. Nd2 Nxb4 30. Ne4 Nd3 31. h4 Ra3 32. hxg5 hxg5 33. Nxg5 Kf6 34. Ne4+ Kf5 35. f3 b4 36. Kf1 Ne5 37. Rc1 c6 38. Nd6+ Ke6 39. Nc4 Rc3 40. Rxc3 bxc3 41. Na3 Kd5 42. Ke2 Kd4 43. Nc2+ Kc4 44. g4 fxg3 45. f4 Nf7 46. Kf3 c5 47. Kxg3 Kd3 48. Na3 c2 49. Nxc2 Kxc2 0-1


[Site "https://www.chess.com"]

[Event "Titled Tuesday Blitz July 25 Early 2023"]
[White "Kushagra Mohan"]
[Black "Kopczynski, Michal"]
[WhiteFideId "25033638"]
[BlackFideId "1124200"]
[WhiteElo "2874"]
[BlackElo "2466"]
[Result "1-0"]
[Round "1"]
[TimeControl "180+2"]
[Date "2023.07.25"]
[WhiteClock "0:00:17"]
[BlackClock "0:00:03"]
[Board "44"]

1. e4 c5 2. Nf3 d6 3. d4 cxd4 4. Nxd4 Nf6 5. Nc3 g6 6. Be3 Bg7 7. f3 O-O 8. Qd2 Nc6 9. O-O-O d5 10. exd5 Nxd5 11. Nxc6 bxc6 12. Bd4 e5 13. Bc5 Be6 14. Ne4 Re8 15. h4 h6 16. h5 g5 17. g4 Rb8 18. Bc4 Nf4 19. Bxe6 Nxe6 20. Qxd8 Rexd8 21. Bxa7 Ra8 22. Rxd8+ Nxd8 23. Rd1 Ne6 24. Rd7 Nf4 25. a4 Bf8 26. a5 Bb4 27. a6 Ba5 28. Rb7 Kg7 29. Nd6 Kf6 30. Nc4 Bd8 31. Nd6 Ke6 32. Ne4 Be7 33. c3 Nd3+ 34. Kc2 Ne1+ 35. Kd1 Nxf3 36. Ke2 Nh2 37. Bc5 Bxc5 38. Nxc5+ Kd5 39. b4 Nxg4 40. Rxf7 e4 41. a7 Ne5 42. Na6 Kc4 43. Rb7 Nd3 44. Nc7 Rxa7 45. Rxa7 Kxc3 46. b5 cxb5 47. Nxb5+ Kc4 48. Nd6+ Kd4 49. Nf5+ Ke5 50. Ra5+ Kf6 51. Nxh6 Nf4+ 52. Ke3 Nxh5 53. Ng4+ Kg6 54. Kxe4 Ng3+ 55. Kf3 Nf5 56. Ne3 Nd4+ 57. Kg4 Kf6 58. Ra6+ Ke5 59. Kxg5 Ke4 60. Ng4 Nf3+ 61. Kh5 Kf4 62. Rf6+ Kg3 63. Rg6 Kf4 64. Nh6 Ke4 65. Rg8 Ne5 66. Re8 Kf4 67. Rf8+ Ke4 68. Ng4 Nc6 69. Kg5 Kd5 70. Kf4 Nd4 71. Rd8+ Kc4 72. Ke4 Ne6 73. Ne3+ Kb5 74. Rd6 Nc5+ 75. Kd5 Nd3 76. Kd4 Nb4 77. Rh6 Nc6+ 78. Kc3 Kc5 79. Rh5+ Kd6 80. Nc4+ Kc7 81. Rh6 Kc8 82. Rxc6+ 1-0


[Site "https://www.chess.com"]

[Event "Titled Tuesday Blitz July 25 Early 2023"]
[White "Molenda, Marcin"]
[Black "Harsha Bharathakoti"]
[WhiteFideId "1173065"]
[BlackFideId "5078776"]
[WhiteElo "2466"]
[BlackElo "2872"]
[Result "0-1"]
[Round "1"]
[TimeControl "180+2"]
[Date "2023.07.25"]
[WhiteClock "0:00:06"]
[BlackClock "0:00:19"]
[Board "45"]

1. e4 c6 2. Nf3 d5 3. d3 Qc7 4. Nbd2 e5 5. g3 Nf6 6. Bg2 Bd6 7. O-O O-O 8. c3 Re8 9. Qc2 a5 10. Re1 Na6 11. Nf1 h6 12. Ne3 dxe4 13. dxe4 Nc5 14. Nc4 Bf8 15. a4 Be6 16. Bf1 Nfd7 17. Ne3 Nb3 18. Rb1 Nb6 19. c4 Nxc1 20. Rbxc1 Bc5 21. b3 g6 22. Bg2 Rad8 23. h3 Kg7 24. Ng4 Nd7 25. Red1 h5 26. Ne3 Bxe3 27. fxe3 Nc5 28. Qc3 f6 29. Nh4 b6 30. Kh2 Rd7 31. Rxd7+ Qxd7 32. Rf1 Rd8 33. b4 Nxa4 34. Qa3 b5 35. cxb5 cxb5 36. bxa5 Qd6 37. Qa1 Nc5 38. Rc1 Bc4 39. Qc3 Qd2 40. Qxd2 Rxd2 41. Ra1 Nb3 42. Ra3 Nc5 43. a6 Rd8 44. a7 Ra8 45. Nf3 Ne6 46. Nd2 Nd8 47. Nxc4 bxc4 48. Bf1 Nc6 49. Bxc4 Rxa7 50. Rxa7+ Nxa7 51. Kg2 Kf8 52. Kf2 g5 53. h4 Kg7 54. Ke2 Nc8 55. Kd2 Ne7 56. Be6 gxh4 57. gxh4 Ng6 58. Ke2 Nxh4 59. Kf2 Ng6 60. Kg3 Kh6 61. Bf7 Ne7 62. Be6 Kg5 63. Bd7 Ng6 64. Be6 Nf8 65. Bf5 Ng6 66. Be6 Ne7 67. Bd7 f5 68. exf5 Nxf5+ 69. Kf3 Nd6 70. Be6 Kf6 71. Bd5 Kf5 72. Bc6 h4 73. Bd7+ Kg5 74. Be6 Kf6 75. Bd7 Kg5 76. Be6 Nf5 77. Bc8 h3 78. Bd7 e4+ 79. Kf2 Kg4 80. Be6 Kg5 81. Bd7 h2 82. Kg2 Nxe3+ 83. Kxh2 Nf5 84. Kg2 Nd4 85. Kf2 Kf4 86. Bc8 e3+ 87. Ke1 Nf3+ 88. Kf1 Nd4 89. Ba6 Ke4 90. Ke1 Nf3+ 91. Kf1 Kf4 92. Kg2 Ng5 93. Kf1 Ne4 94. Ke2 Ng3+ 95. Ke1 Kf3 96. Bb7+ Ne4 97. Ba6 Kf4 98. Bb7 Nc5 99. Bc6 Ke5 100. Bb5 Kd4 101. Ke2 Nb3 102. Ba6 Nc1+ 103. Ke1 Na2 104. Ke2 Nb4 105. Bb5 Nd5 106. Ba6 Nf4+ 107. Ke1 Kc3 108. Kf1 Kd2 109. Bb5 Nd5 110. Kg2 Nb4 111. Kf3 Nd3 0-1


[Site "https://www.chess.com"]

[Event "Titled Tuesday Blitz July 25 Early 2023"]
[White "Moroni, Luca Jr"]
[Black "ExchangeAB"]
[WhiteFideId "865834"]
[WhiteElo "2868"]
[BlackElo "2463"]
[Result "1-0"]
[Round "1"]
[TimeControl "180+2"]
[Date "2023.07.25"]
[WhiteClock "0:00:19"]
[BlackClock "0:00:16"]
[Board "46"]

1. b3 d5 2. Bb2 Nf6 3. Nf3 Bf5 4. g3 e6 5. Bg2 h6 6. O-O c6 7. d3 Nbd7 8. Nbd2 Bh7 9. c4 Be7 10. Ne5 O-O 11. Nxd7 Nxd7 12. Rc1 Bf6 13. d4 Re8 14. e4 dxe4 15. Nxe4 Bxe4 16. Bxe4 Rb8 17. Qd2 c5 18. Rcd1 Qc7 19. Bb1 Bxd4 20. Bxd4 cxd4 21. Qxd4 Nf6 22. Qxa7 Red8 23. Qe3 Qa5 24. Qe2 Kf8 25. Be4 Rxd1 26. Rxd1 Nxe4 27. Qxe4 Qxa2 28. Rd7 Kg8 29. Rxb7 Rd8 30. Kg2 Qa8 31. Qf3 f5 32. c5 Qc8 33. b4 Rd3 34. Rxg7+ Kxg7 35. Qxd3 Qb7+ 36. c6 Qxc6+ 37. Qf3 Qb5 38. Qc3+ Kg6 39. h4 Qd5+ 40. Kh2 f4 41. Qc2+ Kg7 42. Qb2+ Kg6 43. b5 fxg3+ 44. fxg3 Qb7 45. Qc2+ Kf6 46. Qf2+ Kg6 47. b6 Qc6 48. Qb2 Kf5 49. b7 1-0


[Site "https://www.chess.com"]

[Event "Titled Tuesday Blitz July 25 Early 2023"]
[White "LangesNasenhaar"]
[Black "Harsh Suresh"]
[BlackFideId "45018464"]
[WhiteElo "2462"]
[BlackElo "2863"]
[Result "1-0"]
[Round "1"]
[TimeControl "180+2"]
[Date "2023.07.25"]
[WhiteClock "0:00:08"]
[BlackClock "0:00:11"]
[Board "47"]

1. d4 g6 2. Nc3 Nf6 3. e4 d5 4. Bg5 Nxe4 5. Nxe4 dxe4 6. Qd2 Bg7 7. O-O-O Qd5 8. c4 Qd8 9. Ne2 Nc6 10. h3 h6 11. Be3 e5 12. d5 Ne7 13. Nc3 f5 14. g3 c6 15. Kb1 cxd5 16. cxd5 Bd7 17. Bc4 Nc8 18. d6 Nb6 19. Bb3 Bc6 20. h4 Qd7 21. h5 g5 22. g4 f4 23. Bc5 Qxg4 24. Bxb6 axb6 25. Nd5 Bxd5 26. Qxd5 O-O-O 27. Qxe4 Qd7 28. Rd3 Kb8 29. Qg6 Bf8 30. Rc1 Bxd6 31. Rcd1 Qe7 32. Rxd6 Rxd6 33. Rxd6 e4 34. Re6 Qc5 35. a3 Qxf2 36. Qf6 Rc8 37. Rxb6 Qe1+ 38. Ka2 Qa5 39. Qd6+ Ka8 40. Rb4 Qc7 41. Qxh6 e3 42. Ra4+ Kb8 43. Qxg5 e2 44. Re4 f3 45. Qe3 Qc6 46. h6 Rd8 47. h7 Qc7 48. Re8 Rxe8 49. Qxe8+ Qc8 50. h8=Q Qxe8 51. Qxe8+ Ka7 52. Qe5 f2 53. Qd4+ Ka6 54. Qxf2 e1=Q 55. Qxe1 b5 56. Bd5 Kb6 57. Qe6+ Kc5 58. Qc6+ Kd4 59. Qxb5 Ke5 60. Bc4+ Kd4 61. a4 Ke3 62. a5 Kd4 63. a6 Ke3 64. a7 Kd2 65. a8=Q Kc2 66. Qc8 Kc1 67. Be6+ Kd2 68. Qd5+ Ke3 69. Bd7 Kf4 70. Qf8+ Kg3 71. Qdg8+ Kh4 72. Qh6# 1-0


[Site "https://www.chess.com"]